 Dungeon Crawl Stone Soup version 0.29.1-12-g30fa7ad0bf (webtiles) character file.

Game seed: 4440262441028528401

506 Sanktem7 the Trooper (level 6, 0/58 HPs)
             Began as a Minotaur Fighter on Jan 6, 2023.
             Was an Initiate of Okawaru.
             Slain by an adder (3 damage)
             ... on level 5 of the Dungeon.
             The game lasted 00:06:02 (3553 turns).

Sanktem7 the Trooper (Minotaur Fighter)             Turns: 3553, Time: 00:06:02

Health: 0/58       AC:  8    Str: 23    XL:     6   Next: 97%
Magic:  5/5        EV:  9    Int:  5    God:    Okawaru [......]
Gold:   139        SH:  0    Dex:  9    Spells: 5/5 levels left

rFire   . . .      SeeInvis .   a - +0 war axe {axe}
rCold   . . .      Faith    .   c - +0 buckler
rNeg    . . .      Spirit   .   b - +0 scale mail
rPois   .          Reflect  .   (helmet restricted)
rElec   .          Harm     .   (no cloak)
rCorr   .          Rampage  .   h - +0 pair of gloves
Will    .....                   (no boots)
Stlth   ..........              k - amulet of magic regeneration {@e2}
HPRegen 0.19/turn               (no ring)
MPRegen 0.49/turn               (no ring)

@: confused, mighty, lethally poisoned (0 -> -11)
A: horns 2, retaliatory headbutt
a: Renounce Religion


You were on level 5 of the Dungeon.
You worshipped Okawaru.
Okawaru was noncommittal.
You visited 2 branches of the dungeon, and saw 6 of its levels.

You collected 139 gold pieces.


Innate Abilities, Weirdness & Mutations

You have a pair of horns on your head.
You reflexively headbutt those who attack you in melee.


   Skills:
 * Level 6.6 Fighting
 * Level 6.1 Axes
 + Level 5.3 Armour
 - Level 3.6 Shields


You had 5 spell levels left.
You didn't know any spells.
Your spell library contained the following spells:

 Spells                   Type           Power      Damage    Failure   Level
 Beastly Appendage        Tmut           0%         N/A       86%         1
 Sandblast                Erth           0%         2d4       86%         1
 Passwall                 Tmut/Erth      0%         N/A       94%         2
 Sublimation of Blood     Necr           0%         N/A       94%         2
 Wereblood                Tmut           0%         N/A       94%         2
 Spider Form              Tmut/Pois      0%         N/A       99%         3
 Stone Arrow              Conj/Erth      0%         3d7       99%         3
 Passage of Golubria      Tloc           0%         N/A       100%        4
 Petrify                  Tmut/Erth      0%         N/A       100%        4
 Irradiate                Conj/Tmut      0%         3d11      100%        5
 Yara's Violent Unravell  Hex/Tmut       0%         3d3       100%        5
 Tukima's Dance           Hex            Unusable   N/A       N/A         3

Inventory:

Hand Weapons
 a - a +0 war axe (weapon) {axe}
 l - the +8 long sword "Tyosappygosm" {venom, rElec rPois rC+ MP-9, long}
   (You took it off an orc on level 3 of the Dungeon)

   It poisons the flesh of those it strikes.
   rC:        It protects you from cold.
   rElec:     It insulates you from electricity.
   rPois:     It protects you from poison.
   MP:        It affects your magic capacity (-9).
 m - a +0 whip of venom {mace}
   (You took it off a kobold on level 2 of the Dungeon)
 s - a +1 dagger of pain {short}
   (You found it on level 3 of the Dungeon)
Missiles
 f - 37 stones (quivered) {throwing}
 q - 6 javelins {throwing}
 u - 7 poisoned darts {throwing}
Armour
 b - a +0 scale mail (worn)
 c - a +0 buckler (worn)
 h - a +0 pair of gloves (worn)
   (You found it on level 1 of the Dungeon)
 x - a +0 pair of boots
   (You found it on level 4 of the Dungeon)
Jewellery
 k - an amulet of magic regeneration (around neck) {@e2}
   (You found it on level 1 of the Dungeon)
Wands
 n - a wand of flame (20)
   (You took it off Natasha on level 2 of the Dungeon)
Scrolls
 e - a scroll of identify {unknown}
 g - a scroll of blinking {unknown}
 i - a scroll of amnesia {unknown}
 p - 3 scrolls of teleportation {unknown}
 t - a scroll of noise {unknown}
 v - a scroll of vulnerability {unknown}
Potions
 j - a potion of invisibility {unknown}
 o - a potion of berserk rage {unknown}
 r - a potion of lignification {unknown}
 w - 3 potions of mutation {unknown}

Dungeon Overview and Level Annotations

Branches:
Dungeon (5/15) Zot: 26456  Temple (1/1) D:4 Zot: 5911

Altars:
Ashenzari
Cheibriados
Dithmenos
Gozag
Okawaru
Qazlal
Vehumet
Xom
Yredelemnul
Zin

Shops:
D:3

*
.....#..#........#
.#.#.............#
.................#
#..#.#.#...........
...................
.###..#.#.#.......#
#...$........##
.#..#.#{#..#..##.#
......o@oh...#..
.#.#.#So#..### #
.......{h..#
#.#..#.......
..............
..#............ .
...........#.
............#


You could see a black bear, a hound, an orc wizard, an adder and 2 orcs.


Message History

You kill the orc!
Okawaru accepts your kill.
You hit the orc wizard. You completely miss the orc.
The adder barely misses you.
You closely miss the orc wizard. You completely miss the adder.
You closely miss the orc. The adder bites you but does no damage.
The orc wizard casts a spell.
The orc wizard flickers and vanishes!
Deactivating autopickup; reactivate with Ctrl-A.
You block the adder's attack.
You closely miss the orc wizard. Your headbutt misses the orc wizard.
You slash the orc!
You kill the orc!
Okawaru accepts your kill.
You miss the adder. You hit the orc wizard.
A black bear comes into view.
The orc wizard casts a spell.
The orc wizard flickers and vanishes!
The adder bites you. Something hits you but does no damage.
The orc hits you but does no damage.
The orc wizard hits you but does no damage.
You closely miss the orc wizard. You closely miss the orc. You miss something.
You barely miss the adder.
The black bear growls angrily.
The adder bites you.
The orc wizard points at you and mumbles some strange words.
You are confused.
The orc hits you but does no damage. The adder bites you.
You are poisoned.
The adder poisons you!
You are too confused! 😕 HP[-13]
You take 13 damage, and now have 45/58 hp.
MASSIVE DAMAGE!! (PAUSE)
You bump into the rock wall.
You feel sick.
A hound comes into view.
The adder barely misses you.
The orc wizard hits you with a +0 dagger.
The orc barely misses you. Something hits you. 😮 HP[-6]
You take 6 damage, and now have 39/58 hp.
You're too confused to move!
You feel sick.
The hound barks!
The adder completely misses you. The orc wizard casts a spell at you.
The magic dart hits you! The orc hits you but does no damage. x2
Something hits you.
* * * LOW HITPOINT WARNING * * *
😨 HP[-10]
You take 10 damage, and now have 29/58 hp.
You closely miss the orc. You closely miss the orc wizard.
You barely miss the adder. You closely miss something. You barely miss the orc.
You feel sick. The adder bites you.
* * * LOW HITPOINT WARNING * * *
You are more poisoned.
The adder poisons you!
The orc wizard points at you and mumbles some strange words.
The puff of flame hits you.
* * * LOW HITPOINT WARNING * * *
The orc hits you with a +0 dagger.
* * * LOW HITPOINT WARNING * * *
The orc closely misses you.
You hear some strange, mumbled words.
A puff of flame appears from out of thin air!
The puff of flame hits you.
* * * LOW HITPOINT WARNING * * *
The adder bites you.
* * * LOW HITPOINT WARNING * * *
You are more poisoned.
The adder poisons you! 😨 HP[-14]
You take 14 damage, and now have 15/58 hp.
MASSIVE DAMAGE!! (PAUSE)
You miss the adder. Your headbutt misses the adder. You miss the orc wizard.
You miss something. You hit the orc but do no damage. You barely miss the orc.
* * * LOW HITPOINT WARNING * * *
You feel very sick. The adder bites you but does no damage.
The orc wizard barely misses you. The orc hits you but does no damage.
The orc misses you.
You hear some strange, mumbled words.
You are more confused.
The adder bites you.
* * * LOW HITPOINT WARNING * * *
You are lethally poisoned!
The adder poisons you! 😱 HP[-4]
You take 4 damage, and now have 11/58 hp.
Okay, then.
Okay, then.
Okay, then.
You feel very mighty all of a sudden.
* * * LOW HITPOINT WARNING * * *
You feel very sick. The orc closely misses you.
The orc hits you with a +0 club.
* * * LOW HITPOINT WARNING * * *
Something hits you but does no damage.
The orc wizard gestures at you while chanting.
You are more confused.
The adder bites you.
You die...

Skill      XL: |  1  2  3  4  5  6 |
---------------+-------------------+-----
Fighting       | 4 5 6 |  6.6
Axes           | 3 4 5 6 |  6.1
Armour         | 4 5 |  5.3
Shields        | |  3.6

Action                   |  1- 3 |  4- 6 || total
-------------------------+-------+-------++-------
Melee: War axe           |    71 |   118 ||   189
       Headbutt          |     8 |    16 ||    24
  Use: Potion            |       |     2 ||     2
Armor: Scale mail        |    33 |    59 ||    92
Dodge: Dodged            |    36 |    57 ||    93
Block: Buckler           |    15 |    19 ||    34

Levels and vault maps discovered:
D:1:      dpeg_arrival_three_smaller_balls, layout_basic,
          shapermc_ecumenical_altar_hornbeckon
D:2:      layout_basic, uniq_jessica, uniq_natasha, uniq_robin
D:3:      layout_rooms, mainiacjoe_overflow_alcove_4, serial_shops, shop,
          grunt_decor_mini_mirrors, due_unseen_surprise
D:4:      layout_gridville, grunt_qazlal_sundering, minmay_temple_entry_hall,
          uniq_sigmund
D:5:      layout_rooms, fedhas_altar_decomposition, hangedman_decor_points,
          nicolae_underground_beach
Temple:   nicolae_temple_panitentiary

Notes
Turn   | Place    | Note
-------+----------+-------------------------------------------
     0 | D:1      | Sanktem7 the Minotaur Fighter began the quest for the Orb.
     0 | D:1      | Reached XP level 1. HP: 19/19 MP: 0/0
     0 | D:1      | magus.rc [v1.9.6]
    49 | D:1      | You pick up a book of Changes and begin reading...
    49 | D:1      | You add the spells Beastly Appendage, Wereblood and Spider
                  | Form to your library.
   249 | D:1      | Reached XP level 2. HP: 27/27 MP: 1/1
   250 | D:1      | Reached skill level 4 in Fighting
   255 | D:1      | Reached skill level 3 in Axes
   523 | D:1      | Found a faded altar of an unknown god.
   629 | D:1      | Reached XP level 3. HP: 32/33 MP: 2/2
   838 | D:2      | Reached skill level 4 in Armour
  1018 | D:2      | Noticed Natasha
  1025 | D:2      | Killed Natasha
  1026 | D:2      | Reached XP level 4. HP: 31/41 MP: 3/3
  1029 | D:2      | Noticed Natasha
  1035 | D:2      | Killed Natasha
  1036 | D:2      | Reached skill level 5 in Fighting
  1036 | D:2      | Reached skill level 4 in Axes
  1066 | D:2      | Noticed Natasha
  1073 | D:2      | Killed Natasha
  1189 | D:2      | Noticed Robin
  1195 | D:2      | Reached XP level 5. HP: 48/48 MP: 4/4
  1210 | D:2      | Killed Robin
  1447 | D:2      | Noticed Jessica
  1456 | D:2      | Killed Jessica
  1676 | D:3      | Found Otop's General Store.
  1776 | D:3      | Found an opulent altar of Gozag.
  1900 | D:3      | Identified the +8 long sword "Tyosappygosm" {venom, rElec
                  | rPois rC+ MP-9}
  1907 | D:3      | HP: 8/49 [poisoned by an orc]
  1908 | D:3      | Reached skill level 5 in Axes
  2543 | D:4      | Noticed an ogre
  2550 | D:4      | Killed an ogre
  2551 | D:4      | Reached skill level 6 in Fighting
  2551 | D:4      | Reached XP level 6. HP: 18/57 MP: 5/5
  2771 | D:4      | You pick up a book of Alchemy and begin reading...
  2771 | D:4      | You add the spells Sublimation of Blood, Petrify and
                  | Irradiate to your library.
  2778 | D:4      | Found a stormy altar of Qazlal.
  2840 | D:4      | Found a staircase to the Ecumenical Temple.
  2846 | Temple   | Entered the Ecumenical Temple
  2846 | Temple   | Noticed a Brimstone Fiend
  2847 | Temple   | Noticed Ofrob the pandemonium lord
  2847 | Temple   | Noticed Negge the pandemonium lord
  2847 | Temple   | Noticed an Executioner
  2873 | Temple   | Noticed Maucuot the pandemonium lord
  2873 | Temple   | Noticed a smoke demon
  2875 | Temple   | Noticed a green death
  2886 | Temple   | Noticed a reaper
  2886 | Temple   | Noticed Juphezeo the pandemonium lord
  2886 | Temple   | Noticed Baqequm the pandemonium lord
  2913 | Temple   | Became a worshipper of Warmaster Okawaru
  2964 | D:4      | You add the spells Passage of Golubria and Yara's Violent
                  | Unravelling to your library.
  3082 | D:4      | You pick up a book of Geomancy and begin reading...
  3082 | D:4      | You add the spells Sandblast, Passwall and Stone Arrow to
                  | your library.
  3206 | D:4      | Reached skill level 5 in Armour
  3262 | D:4      | Noticed Sigmund
  3278 | D:4      | Killed Sigmund
  3279 | D:4      | Reached skill level 6 in Axes
  3528 | D:5      | Entered Level 5 of the Dungeon
  3552 | D:5      | HP: 12/58 [poisoned by an adder]
  3553 | D:5      | HP: 3/58 [orc/+0 club (4)]
  3553 | D:5      | Slain by an adder

Vanquished Creatures
  Sigmund (D:4)
  An ogre (D:4)
  Jessica (D:2)
  Natasha (thrice) (D:2)
  Robin (D:2)
  A gnoll (D:1)
  6 adders
  3 worms (D:2)
  6 orcs
  6 endoplasms
  3 giant cockroaches
  6 hobgoblins
  2 jackals (D:4)
  6 kobolds
  A quokka (D:4)
  11 ball pythons
  6 bats
  4 frilled lizards
  17 goblins
  7 rats
92 creatures vanquished.

Table legend:
 A = Non-vault XP
 B = Vault XP
 C = Vault XP percentage of total XP
 D = Non-vault monster count
 E = Vault monster count
 F = Vault count percentage of total count
                 A         B        C        D         E       F
            +---------+---------+-------+---------+---------+-------
      Total |     400 |     324 |  44.8 |      76 |      16 |  17.4
            +---------+---------+-------+---------+---------+-------
        D:1 |      46 |       0 |   0.0 |      24 |       0 |   0.0
        D:2 |     125 |     110 |  46.8 |      22 |      15 |  40.5
        D:3 |      60 |       0 |   0.0 |      15 |       0 |   0.0
        D:4 |     160 |     214 |  57.2 |      12 |       1 |   7.7
        D:5 |       9 |       0 |   0.0 |       3 |       0 |   0.0
            +---------+---------+-------+---------+---------+-------

Illustrated notes

Table legend:
 A = Kills in this place as a percentage of kills in entire the game.
 B = Kills by you in this place as a percentage of kills by you in the entire game.
 C = Kills by friends in this place as a percentage of kills by friends in the entire game.
 D = Other kills in this place as a percentage of other kills in the entire game.
 E = Experience gained in this place as a percentage of experience gained in the entire game.
 F = Experience gained in this place divided by the number of levels of this place that you have seen.
                   A       B       C       D       E      F
               +-------+-------+-------+-------+-------+----------------------
         Total | 100.0 | 100.0 |   N/A |   N/A | 100.0 | 120.7
       Dungeon | 100.0 | 100.0 |   N/A |   N/A | 100.0 | 144.8
               +-------+-------+-------+-------+-------+----------------------

Table legend: (Time is in decaauts)
 A = Elapsed time spent in this place.
 B = Non-inter-level travel time spent in this place.
 C = Inter-level travel time spent in this place.
 D = Time resting spent in this place.
 E = Time spent auto-exploring this place.
 F = Levels seen in this place.
 G = Mean time per level.
                   A        B        C        D        E       F      G
               +--------+--------+--------+--------+--------+-----+--------+
         Total |   3630 |   3588 |     42 |      0 |   3001 |   6 |  605.0 |
       Dungeon |   3542 |   3500 |     42 |      0 |   2953 |   5 |  708.4 |
        Temple |     88 |     88 |      0 |      0 |     48 |   1 |   88.0 |
               +--------+--------+--------+--------+--------+-----+--------+

Top non-repeatable levels by time:
     D:4: 904 daAuts
     D:2: 892 daAuts
     D:3: 881 daAuts
     D:1: 837 daAuts
  Temple: 88 daAuts
     D:5: 26 daAuts
